[Event "Titled Tuesday Blitz March 21 Early 2023"]
[White "Naroditsky, Daniel"]
[Black "benny_aizenberg"]
[WhiteFideId "2026961"]
[WhiteElo "2633"]
[BlackElo "2577"]
[Result "1-0"]
[Round "01"]
[TimeControl "180+2"]
[Date "2023.03.21"]
[WhiteClock "0:00:09"]
[BlackClock "0:00:07"]

1. d4 Nf6 2. Nc3 d5 3. Bf4 a6 4. e3 e6 5. a3 c5 6. Nf3 Nc6 7. dxc5 Bxc5 8. Bd3 O-O 9. O-O Qe7 10. e4 dxe4 11. Nxe4 Nxe4 12. Bxe4 h6 13. Qe2 Bd7 14. Rad1 Rfd8 15. b4 Bb6 16. Bd6 Qf6 17. c4 Nd4 18. Nxd4 Bxd4 19. Bxb7 Ba4 20. Bxa8 Bxd1 21. Rxd1 Rxd6 22. Bf3 e5 23. c5 Rd8 24. c6 e4 25. c7 Rc8 26. Qxe4 Bb6 27. h4 Rxc7 28. h5 Re7 29. Qc4 Kh7 30. Qd3+ g6 31. hxg6+ fxg6 32. g3 Qb2 33. Rd2 Qe5 34. Kg2 Kg7 35. Qd6 Qf6 36. Qxf6+ Kxf6 37. a4 a5 38. bxa5 Bxa5 39. Rd5 Ra7 40. Rd6+ Kg7 41. Be4 g5 42. Rg6+ Kf7 43. Rxh6 Bc3 44. Rc6 Bd4 45. Rc4 Bb6 46. Bc6 Kf6 47. Bb5 Re7 48. Rc6+ Re6 49. Rxe6+ Kxe6 50. f3 Kf5 51. Kh3 g4+ 52. fxg4+ Kg5 53. Be2 Ba5 54. Kg2 Kf6 55. Kf3 Ke5 56. Bd3 Bb6 57. g5 Ke6 58. g6 Kf6 59. Bf5 Bd4 60. Ke4 Bf2 61. g4 Be1 62. Kd5 Kg7 63. Kc6 Ba5 64. Kb5 Be1 65. a5 1-0


[Site "https://www.chess.com"]

[Event "Titled Tuesday Blitz March 21 Early 2023"]
[White "Berezin, Viktor"]
[Black "Andreikin, Dmitry"]
[WhiteFideId "14107872"]
[BlackFideId "4158814"]
[WhiteElo "2310"]
[BlackElo "2736"]
[Result "0-1"]
[Round "01"]
[TimeControl "180+2"]
[Date "2023.03.21"]
[WhiteClock "0:00:18"]
[BlackClock "0:00:50"]

1. d4 d5 2. c4 e6 3. Nf3 Nf6 4. g3 dxc4 5. Bg2 Nc6 6. O-O a6 7. a4 Be7 8. Qc2 Nxd4 9. Qxc4 Nxf3+ 10. Bxf3 O-O 11. Nc3 c6 12. a5 e5 13. Be3 Be6 14. Qa4 Qc8 15. Rfd1 h6 16. Qc2 Bf5 17. Qb3 Be6 18. Qc2 Ng4 19. Bb6 f5 20. Bxg4 fxg4 21. Na4 Qe8 22. Nc5 Qf7 23. Nxe6 Qxe6 24. Rd2 Rf7 25. Rad1 Raf8 26. Rd7 c5 27. e3 Rxf2 28. Qxf2 Rxf2 29. Kxf2 Kh7 30. Bd8 Qf5+ 31. Ke2 Qf3+ 32. Kd2 Qf2+ 33. Kc3 Bxd8 34. Rxd8 Qxh2 35. R8d7 Qxg3 36. Rxb7 Qxe3+ 37. Rd3 Qe1+ 38. Kc4 Qe4+ 39. Kxc5 Qxb7 40. Rd7 Qxd7 0-1


[Site "https://www.chess.com"]

[Event "Titled Tuesday Blitz March 21 Early 2023"]
[White "Wei, Yi"]
[Black "Crevatin, Leo"]
[WhiteFideId "8603405"]
[BlackFideId "1726307"]
[WhiteElo "2686"]
[BlackElo "2190"]
[Result "0-1"]
[Round "01"]
[TimeControl "180+2"]
[Date "2023.03.21"]
[WhiteClock "0:00:01"]
[BlackClock "0:00:02"]

1. b3 d5 2. Bb2 Nf6 3. Nf3 Bf5 4. d3 h6 5. Nbd2 e6 6. g3 Be7 7. Bg2 O-O 8. O-O c5 9. Ne5 Nbd7 10. e4 Bh7 11. Qe2 Qc7 12. f4 dxe4 13. dxe4 Rad8 14. Nd3 Nb6 15. Be5 Qc8 16. Rab1 c4 17. bxc4 Nxc4 18. Nxc4 Qxc4 19. Rxb7 Bc5+ 20. Kh1 Bxe4 21. Rc7 Bxg2+ 22. Qxg2 Rc8 23. Qc6 Rxc7 24. Bxc7 Qd5+ 25. Qxd5 Nxd5 26. Nxc5 Nxc7 27. Rd1 Rc8 28. c4 Ne8 29. Nb7 Rc7 30. Na5 Rc5 31. Nb7 Rc7 32. Na5 Rc5 33. Nb3 Rxc4 34. Rd8 Kf8 35. Ra8 Rc7 36. Nd4 Ke7 37. a4 Nd6 38. Rxa7 Rxa7 39. Nc6+ Kd7 40. Nxa7 Kc7 41. Kg2 Kb7 42. Nb5 Nxb5 43. axb5 Kb6 44. Kf3 Kxb5 45. Ke4 f6 46. Kd4 Kc6 47. g4 Kd6 48. Ke4 Kc5 49. h4 Kc4 50. g5 h5 51. f5 e5 52. Ke3 Kd5 53. g6 e4 0-1


[Site "https://www.chess.com"]

[Event "Titled Tuesday Blitz March 21 Early 2023"]
[White "Aaditya Dhingra"]
[Black "Erigaisi Arjun"]
[WhiteFideId "25678191"]
[BlackFideId "35009192"]
[WhiteElo "2083"]
[BlackElo "2737"]
[Result "1-0"]
[Round "01"]
[TimeControl "180+2"]
[Date "2023.03.21"]
[WhiteClock "0:00:54"]
[BlackClock "0:01:21"]

1. e4 c6 2. Nc3 d6 3. Nf3 g6 4. d4 Bg7 5. Be3 Nd7 6. Qd2 b5 7. O-O-O Nb6 8. Bd3 a5 9. Kb1 a4 10. a3 Bg4 11. d5 b4 12. axb4 a3 13. Bd4 Bxd4 14. Nxd4 Bxd1 15. Nxc6 Qc7 16. Rxd1 axb2 17. Kxb2 Nf6 18. Qh6 Qb7 19. Bb5 Na4+ 20. Bxa4 Rxa4 21. Nxa4 Kd7 22. Qh3+ e6 23. dxe6+ Kxc6 24. Qc3+ Kb5 25. Qxf6 Kxa4 26. Qxh8 Qxb4+ 27. Kc1 fxe6 28. Rd4 1-0


[Site "https://www.chess.com"]

[Event "Titled Tuesday Blitz March 21 Early 2023"]
[White "Dubov, Daniil"]
[Black "Shuvalov, Evgenij"]
[WhiteFideId "24126055"]
[BlackFideId "4187237"]
[WhiteElo "2802"]
[BlackElo "2080"]
[Result "1-0"]
[Round "01"]
[TimeControl "180+2"]
[Date "2023.03.21"]
[WhiteClock "0:00:03"]
[BlackClock "0:00:11"]

1. d4 Nf6 2. c4 g6 3. Nc3 d5 4. cxd5 Nxd5 5. e4 Nxc3 6. bxc3 Bg7 7. Bb5+ c6 8. Ba4 b5 9. Bb3 a5 10. Nf3 a4 11. Bc2 c5 12. O-O O-O 13. Rb1 Nc6 14. d5 Na5 15. Rxb5 Ba6 16. Bxa4 Bxb5 17. Bxb5 Bxc3 18. e5 Qb8 19. Qe2 Rd8 20. d6 exd6 21. e6 Qb7 22. Ng5 f6 23. Nf7 Rdb8 24. Nxd6 Qe7 25. Bf4 Rb6 26. a4 Be5 27. Bxe5 fxe5 28. Nc4 Rxe6 29. Nxa5 Rxa5 30. Bc4 Kg7 31. Bxe6 Qxe6 32. Ra1 c4 33. Qc2 Qc6 34. h3 c3 35. Ra3 Qc4 36. Rxc3 Qxa4 37. Rc7+ Kh6 38. Qd2+ Qf4 39. Qxa5 e4 40. Qc3 g5 41. Rc6+ Kh5 42. g4+ Kh4 43. Rh6# 1-0


[Site "https://www.chess.com"]

[Event "Titled Tuesday Blitz March 21 Early 2023"]
[White "Ismagilov, Damir"]
[Black "Firouzja, Alireza"]
[WhiteFideId "34199982"]
[BlackFideId "12573981"]
[WhiteElo "2078"]
[BlackElo "2904"]
[Result "0-1"]
[Round "01"]
[TimeControl "180+2"]
[Date "2023.03.21"]
[WhiteClock "0:00:01"]
[BlackClock "0:00:25"]

1. e4 c5 2. Nf3 d6 3. d4 cxd4 4. Nxd4 Nf6 5. f3 e5 6. Nb3 Be7 7. c4 a5 8. Be3 a4 9. N3d2 O-O 10. Nc3 Qa5 11. Be2 Bd8 12. Nd5 Nxd5 13. cxd5 Bb6 14. Bxb6 Qxb6 15. Nc4 Qd8 16. O-O Nd7 17. b4 Nf6 18. a3 Bd7 19. Qd2 Bb5 20. Na5 Qb6+ 21. Kh1 Rfc8 22. Rfc1 Qa6 23. Bxb5 Qxb5 24. Rxc8+ Rxc8 25. Rc1 Rxc1+ 26. Qxc1 g6 27. Qc4 Qb6 28. Qc2 Qe3 29. h3 Qxa3 30. Nxb7 Qxb4 31. Nd8 Qb6 32. Nc6 a3 33. Qa4 Qb1+ 34. Kh2 a2 35. Qa8+ Kg7 36. Ne7 a1=Q 0-1


[Site "https://www.chess.com"]

[Event "Titled Tuesday Blitz March 21 Early 2023"]
[White "Duda, Jan-Krzysztof"]
[Black "djokovic74"]
[WhiteFideId "1170546"]
[WhiteElo "2790"]
[BlackElo "2559"]
[Result "1-0"]
[Round "01"]
[TimeControl "180+2"]
[Date "2023.03.21"]
[WhiteClock "0:00:18"]
[BlackClock "0:00:02"]

1. d3 d5 2. Nd2 e6 3. g3 Nf6 4. Bg2 Be7 5. e4 O-O 6. Ngf3 c5 7. O-O Nc6 8. a4 dxe4 9. dxe4 Qc7 10. c3 b6 11. Qe2 Bb7 12. Re1 Rfd8 13. e5 Nd7 14. Nc4 Ba6 15. Qe4 Rac8 16. Bf4 Bxc4 17. Qxc4 Nf8 18. g4 Ng6 19. Bg3 Na5 20. Qe4 Qc6 21. Qe2 Qd7 22. Red1 Qc7 23. h4 Rxd1+ 24. Rxd1 Rd8 25. Re1 Qd7 26. h5 Nf8 27. Qb5 Qd3 28. Qxd3 Rxd3 29. Kf1 Nc4 30. Ke2 Rd8 31. b3 Na5 32. Nd2 h6 33. f4 Nd7 34. Rb1 Nb8 35. Bf2 f6 36. exf6 Bxf6 37. Ne4 Be7 38. g5 Nac6 39. Bh3 e5 40. Be6+ Kf8 41. gxh6 gxh6 42. Rg1 Ke8 43. f5 Nd7 44. Rg8+ Bf8 45. Bh4 Rb8 46. Nd6# 1-0


[Site "https://www.chess.com"]

[Event "Titled Tuesday Blitz March 21 Early 2023"]
[White "Arias, Juan Cruz"]
[Black "Fedoseev, Vladimir"]
[WhiteFideId "118540"]
[BlackFideId "24130737"]
[WhiteElo "2243"]
[BlackElo "2752"]
[Result "0-1"]
[Round "01"]
[TimeControl "180+2"]
[Date "2023.03.21"]
[WhiteClock "0:00:11"]
[BlackClock "0:00:41"]

1. d4 Nf6 2. Nf3 g6 3. e3 Bg7 4. Be2 O-O 5. O-O b6 6. c4 Bb7 7. b3 d5 8. Bb2 dxc4 9. bxc4 Nbd7 10. Nc3 e6 11. Qa4 a6 12. Rfd1 Qc8 13. Rac1 c5 14. Qb3 Rd8 15. Na4 Rb8 16. Ba3 Qc7 17. Nc3 Bh6 18. h3 cxd4 19. Nxd4 Nc5 20. Qb2 Bg7 21. Qb1 Nfe4 22. Nxe4 Bxe4 23. Qb4 e5 24. Nb3 a5 25. Qc3 Bd3 26. Bxd3 e4 27. Qc2 Nxd3 28. Rb1 b5 29. Nd2 f5 30. Bc1 Nb4 31. Qb3 Rd3 0-1


[Site "https://www.chess.com"]

[Event "Titled Tuesday Blitz March 21 Early 2023"]
[White "Sarana, Alexey"]
[Black "Srinath, Rao S.V."]
[WhiteFideId "24133795"]
[BlackFideId "5028876"]
[WhiteElo "2714"]
[BlackElo "2196"]
[Result "1-0"]
[Round "01"]
[TimeControl "180+2"]
[Date "2023.03.21"]
[WhiteClock "0:01:52"]
[BlackClock "0:01:00"]

1. d4 Nf6 2. c4 g6 3. Nc3 Bg7 4. e4 d6 5. Be2 O-O 6. Be3 Na6 7. Nf3 e5 8. d5 Nc5 9. Nd2 a5 10. g4 c6 11. g5 Nfd7 12. h4 cxd5 13. cxd5 f5 14. f3 fxe4 15. Ndxe4 Nxe4 16. Nxe4 Qe7 17. Rc1 Rf7 18. Rc7 Qd8 19. Qc2 Nf8 20. Rxf7 Kxf7 21. Qb3 a4 22. Qb4 Bf5 23. Nxd6+ Kg8 24. Nxf5 gxf5 25. d6 Kh8 26. Kf2 Ne6 27. Qxb7 Rb8 28. Qe7 f4 29. Ba7 Qxe7 30. dxe7 Re8 31. Rc1 Rxe7 32. Rc8+ Bf8 33. Bb8 Kg7 34. Bxe5+ Kg6 35. Bd3+ Kh5 36. Bf5 Kxh4 37. Bf6 Rc7 38. Bxe6 Bc5+ 39. Ke2 Rxc8 40. Bxc8 Kg3 41. Bf5 1-0


[Site "https://www.chess.com"]

[Event "Titled Tuesday Blitz March 21 Early 2023"]
[White "Borgaonkar Akshay"]
[Black "Bluebaum, Matthias"]
[WhiteFideId "25639110"]
[BlackFideId "24651516"]
[WhiteElo "2063"]
[BlackElo "2638"]
[Result "0-1"]
[Round "01"]
[TimeControl "180+2"]
[Date "2023.03.21"]
[WhiteClock "0:00:12"]
[BlackClock "0:00:26"]

1. Nf3 d5 2. b3 c5 3. Bb2 Nc6 4. e3 a6 5. Be2 Bf5 6. O-O e6 7. d3 Nf6 8. Nbd2 h6 9. Re1 Be7 10. Bf1 O-O 11. e4 Bh7 12. e5 Nd7 13. g3 b5 14. Bg2 a5 15. c4 Nb4 16. cxd5 Nxd3 17. d6 Nxb2 18. dxe7 Qxe7 19. Qe2 Nd3 20. Red1 Rac8 21. a4 bxa4 22. Nc4 Nb4 23. bxa4 Nd5 24. Qe1 Ra8 25. Nxa5 Nb4 26. Qd2 Nb6 27. Nb3 Bc2 28. Nxc5 Qxc5 29. Rdc1 Rfd8 30. Qe2 Rxa4 31. Rxa4 Nxa4 32. Ne1 Nc3 33. Qf3 Rd1 34. Rxd1 Bxd1 35. Qa8+ Kh7 36. Qa1 Nc2 37. Nxc2 Bxc2 38. h4 Be4 39. Bf1 Qxe5 40. Qb2 Bf3 41. Bd3+ g6 42. h5 Ne2+ 43. Kh2 Qxh5# 0-1


[Site "https://www.chess.com"]

[Event "Titled Tuesday Blitz March 21 Early 2023"]
[White "Svane, Rasmus"]
[Black "Do Nascimento,Christian Almeida"]
[WhiteFideId "4657101"]
[BlackFideId "2143801"]
[WhiteElo "2597"]
[BlackElo "2125"]
[Result "1-0"]
[Round "01"]
[TimeControl "180+2"]
[Date "2023.03.21"]
[WhiteClock "0:00:13"]
[BlackClock "0:00:30"]

1. Nf3 d5 2. g3 Nc6 3. d4 Nf6 4. Bg2 Bf5 5. O-O e6 6. c4 Be7 7. Nc3 O-O 8. Ne5 Nxe5 9. dxe5 Ne4 10. cxd5 Nxc3 11. bxc3 exd5 12. Bxd5 c6 13. Bg2 Qc8 14. e4 Bg4 15. f3 Bh3 16. Be3 Rd8 17. Qe2 Bxg2 18. Kxg2 Qe6 19. f4 Rd7 20. Rad1 Rad8 21. Rxd7 Rxd7 22. h4 h5 23. Qxh5 Qxa2+ 24. Rf2 Qc4 25. Qf3 Rd3 26. Rd2 Qxc3 27. Rxd3 Qxd3 28. Bxa7 Qc2+ 29. Kh3 b5 30. f5 b4 31. f6 Bf8 32. e6 Qc4 33. e7 Qe6+ 34. Qg4 Bxe7 35. Qxe6 fxe6 36. fxe7 Kf7 37. Bd4 e5 38. Bxe5 c5 39. Bd6 b3 40. Be5 Kxe7 41. Bxg7 Kd7 42. h5 1-0


[Site "https://www.chess.com"]

[Event "Titled Tuesday Blitz March 21 Early 2023"]
[White "Popov, Mikhail"]
[Black "Van Foreest, Jorden"]
[WhiteFideId "4146182"]
[BlackFideId "1039784"]
[WhiteElo "2270"]
[BlackElo "2633"]
[Result "0-1"]
[Round "01"]
[TimeControl "180+2"]
[Date "2023.03.21"]
[WhiteClock "0:00:14"]
[BlackClock "0:01:23"]

1. c4 e6 2. g3 d5 3. Bg2 dxc4 4. Nf3 Nd7 5. O-O Ngf6 6. Qc2 Nb6 7. a4 a5 8. Na3 Bxa3 9. Rxa3 O-O 10. d3 cxd3 11. Rxd3 Bd7 12. Bg5 Nbd5 13. Qd1 Qe8 14. b3 Ne4 15. Bc1 Nc5 16. Rd4 Rd8 17. Bb2 f6 18. Ba3 b6 19. e4 Nb4 20. Bxb4 axb4 21. Qc2 e5 22. Rxb4 Qe7 23. Rc4 Be6 24. Rc3 Na6 25. Nh4 Nb4 26. Qc1 Na2 27. Qb2 Nxc3 28. Qxc3 c5 29. a5 bxa5 30. Qxa5 g6 31. Qc3 Rd4 32. Rc1 Rfd8 33. Bf3 Rd3 34. Qxc5 Qxc5 35. Rxc5 g5 36. Be2 Rd2 0-1


[Site "https://www.chess.com"]

[Event "Titled Tuesday Blitz March 21 Early 2023"]
[White "Lazavik, Denis"]
[Black "Poltorak, Sebastian"]
[WhiteFideId "13515110"]
[BlackFideId "1199498"]
[WhiteElo "2560"]
[BlackElo "2195"]
[Result "1-0"]
[Round "01"]
[TimeControl "180+2"]
[Date "2023.03.21"]
[WhiteClock "0:02:29"]
[BlackClock "0:01:11"]

1. d4 Nf6 2. c4 g6 3. g3 d5 4. cxd5 Nxd5 5. Bg2 Bg7 6. Nf3 O-O 7. O-O c5 8. e4 Nf6 9. e5 Nd5 10. dxc5 Na6 11. a3 Nxc5 12. b4 Ne6 13. Qb3 Nb6 14. Rd1 Qc7 15. Nc3 Bd7 16. Be3 Nc4 17. Nd5 Nxe3 18. Nxc7 Nxd1 19. Nxa8 1-0


[Site "https://www.chess.com"]

[Event "Titled Tuesday Blitz March 21 Early 2023"]
[White "Trakru, Rohun"]
[Black "Bortnyk, Olexandr"]
[WhiteFideId "2097613"]
[BlackFideId "14120828"]
[WhiteElo "1852"]
[BlackElo "2734"]
[Result "0-1"]
[Round "01"]
[TimeControl "180+2"]
[Date "2023.03.21"]
[WhiteClock "0:00:22"]
[BlackClock "0:00:39"]

1. e4 Nf6 2. e5 Nd5 3. Nc3 Nxc3 4. dxc3 d6 5. Bc4 Nc6 6. Bf4 dxe5 7. Qxd8+ Kxd8 8. Bg3 Ke8 9. O-O-O g6 10. Nf3 Bh6+ 11. Kb1 f6 12. Nd2 Bf5 13. Rhe1 Rd8 14. Nb3 Rd6 15. f3 Kd7 16. Bf2 Kc8 17. Nc5 Rhd8 18. Rxd6 exd6 19. g4 Bxc2+ 20. Kxc2 dxc5 21. Bxc5 Rd2+ 22. Kb1 Rxh2 23. Bg8 b6 24. Ba3 Bd2 25. Rd1 h5 26. Kc2 Bf4+ 27. Kb3 Rd2 28. Rh1 hxg4 29. fxg4 e4 30. Rh8 Kb7 31. Be6 Rd8 32. Rh1 e3 33. Re1 Ne5 34. Kc2 Rd2+ 35. Kb1 Nf3 0-1


[Site "https://www.chess.com"]

[Event "Titled Tuesday Blitz March 21 Early 2023"]
[White "Xiong, Jeffery"]
[Black "Gubajdullin, Alexei"]
[WhiteFideId "2047640"]
[BlackFideId "4141202"]
[WhiteElo "2726"]
[BlackElo "2267"]
[Result "1/2-1/2"]
[Round "01"]
[TimeControl "180+2"]
[Date "2023.03.21"]
[WhiteClock "0:00:50"]
[BlackClock "0:01:06"]

1. e4 e5 2. Nf3 Nf6 3. Nc3 Nc6 4. d4 exd4 5. Nxd4 Bb4 6. Nxc6 bxc6 7. Bd3 d5 8. exd5 cxd5 9. O-O O-O 10. h3 c6 11. Qf3 h6 12. Bf4 Bd6 13. Rfe1 Rb8 14. b3 Qc7 15. Bxd6 Qxd6 16. Na4 c5 17. Qe3 d4 18. Qe5 Qxe5 19. Rxe5 Nd7 20. Rd5 Nb6 21. Rxc5 Nxa4 22. bxa4 Be6 23. Rc7 a5 24. Rc5 Ra8 25. Rb1 Rfc8 26. Rxc8+ Rxc8 27. Rb5 Bc4 28. Rxa5 Bxd3 29. cxd3 Rc3 30. Rb5 Rxd3 31. Rb3 Rd1+ 32. Kh2 f5 33. a5 Ra1 34. Ra3 d3 35. Rxd3 Rxa2 36. Rf3 Rxa5 37. g4 fxg4 38. hxg4 Ra4 39. Kg3 g5 40. Rb3 Kg7 41. f3 Rc4 42. Rb7+ 1/2-1/2


[Site "https://www.chess.com"]

[Event "Titled Tuesday Blitz March 21 Early 2023"]
[White "Kavutskiy, Konstantin"]
[Black "Howell, David W L"]
[WhiteFideId "2026384"]
[BlackFideId "410608"]
[WhiteElo "2369"]
[BlackElo "2567"]
[Result "0-1"]
[Round "01"]
[TimeControl "180+2"]
[Date "2023.03.21"]
[WhiteClock "0:01:15"]
[BlackClock "0:00:35"]

1. d4 e6 2. c4 d5 3. Nf3 a6 4. Bg5 Be7 5. Bxe7 Qxe7 6. Nbd2 Nf6 7. g3 O-O 8. Bg2 b6 9. O-O Bb7 10. Rc1 Rc8 11. c5 Nc6 12. a3 bxc5 13. Rxc5 Nxd4 14. b4 Nxf3+ 15. exf3 Nd7 16. Rc2 a5 17. Qc1 axb4 18. axb4 Ba6 19. Rd1 Ne5 20. Ra2 Be2 21. Rxa8 Rxa8 22. Re1 Nd3 23. Qc6 Nxe1 24. Qxa8+ Qf8 25. Qb8 0-1


[Site "https://www.chess.com"]

[Event "Titled Tuesday Blitz March 21 Early 2023"]
[White "Le, Tuan Minh"]
[Black "The_Sherman_Variation"]
[WhiteFideId "12401153"]
[WhiteElo "2558"]
[BlackElo "2546"]
[Result "1-0"]
[Round "01"]
[TimeControl "180+2"]
[Date "2023.03.21"]
[WhiteClock "0:00:17"]
[BlackClock "0:00:21"]

1. d4 Nf6 2. Nf3 e6 3. Bf4 c5 4. c3 Nc6 5. e3 Nh5 6. Bg3 Nxg3 7. hxg3 Qb6 8. Qc2 h6 9. Nbd2 d5 10. Bd3 Be7 11. O-O Bd7 12. Rad1 Rc8 13. Qb1 O-O 14. Rfe1 f5 15. dxc5 Qxc5 16. Nb3 Qb6 17. c4 Nb4 18. cxd5 Nxd5 19. e4 fxe4 20. Bxe4 Bf6 21. Nbd4 Rc4 22. Nxe6 Bxe6 23. Bxd5 Bxd5 24. Rxd5 Qxb2 25. Qxb2 Bxb2 26. Rd7 Rb4 27. Ree7 Rb8 28. Ne5 Bxe5 29. Rxe5 Rg4 30. Ree7 b5 31. Rxa7 b4 32. Kh2 b3 33. axb3 Rxb3 34. f3 Rg6 35. g4 Rb5 36. Kg3 h5 37. Re8+ Kh7 38. Raa8 Rc6 39. Rh8+ Kg6 40. Kh4 hxg4 41. Kxg4 Rf6 42. Kg3 Rb4 43. Ra5 Rfb6 44. Rhh5 Kf7 45. Rhg5 g6 46. Ra7+ Kf6 47. Rga5 Rb3 48. Rc5 Rb2 49. Rcc7 R2b3 50. Rf7+ Ke6 51. Rae7+ Kd6 52. Re4 Kd5 53. Rg4 Ke5 54. Rg5+ Ke6 55. Rg7 R3b4 56. R7xg6+ Kf7 57. Rxb6 Rxb6 58. f4 Rb2 59. Kh3 Kf6 60. g3 Rb1 61. Kg4 Kf7 62. Ra5 Rc1 63. Kf5 Rh1 64. g4 Rc1 65. Ra7+ Kf8 66. g5 Rc8 67. Kg4 Rc4 68. g6 Rc6 69. Kg5 Kg8 70. f5 Rc8 71. Kh6 Rd8 72. f6 Kh8 73. Rh7+ Kg8 74. f7+ Kf8 75. Rh8+ Ke7 76. Rxd8 1-0


[Site "https://www.chess.com"]

[Event "Titled Tuesday Blitz March 21 Early 2023"]
[White "Nefedov, Sergey"]
[Black "Paravyan, David"]
[WhiteFideId "24113417"]
[BlackFideId "4194985"]
[WhiteElo "2227"]
[BlackElo "2577"]
[Result "0-1"]
[Round "01"]
[TimeControl "180+2"]
[Date "2023.03.21"]
[WhiteClock "0:01:44"]
[BlackClock "0:02:51"]

1. d4 Nf6 2. Nf3 g6 3. c4 Bg7 4. Nc3 d5 5. e3 O-O 6. Qb3 e6 7. Be2 dxc4 8. Qxc4 a6 9. O-O b5 10. Qd3 c5 11. dxc5 Qxd3 12. Bxd3 Nfd7 13. Be4 Ra7 14. c6 Nc5 15. Rd1 Bxc3 16. Bxg6 Bf6 0-1


[Site "https://www.chess.com"]

[Event "Titled Tuesday Blitz March 21 Early 2023"]
[White "Shimanov, Aleksandr"]
[Black "Andreev, Konstantin"]
[WhiteFideId "4198603"]
[BlackFideId "24239305"]
[WhiteElo "2631"]
[BlackElo "2106"]
[Result "1-0"]
[Round "01"]
[TimeControl "180+2"]
[Date "2023.03.21"]
[WhiteClock "0:00:06"]
[BlackClock "0:00:03"]

1. d4 Nf6 2. Nc3 d5 3. Bf4 a6 4. e3 c5 5. dxc5 e6 6. Na4 Nbd7 7. Nf3 Nxc5 8. Nxc5 Bxc5 9. Bd3 O-O 10. O-O b5 11. a4 b4 12. a5 Bb7 13. Qe2 Qe7 14. h3 Rfd8 15. Rfd1 h6 16. Bh2 Ra7 17. Ne5 Bd6 18. Nf3 Bxh2+ 19. Nxh2 Qc7 20. Qd2 Qc5 21. Ra4 Qc6 22. Rxb4 d4 23. Nf3 e5 24. Rb6 Qd5 25. Bf1 Ne4 26. Qb4 Nxf2 27. Re1 Nxh3+ 28. Kh2 Ng5 29. Nxg5 hxg5 30. exd4 e4 31. Qe7 Qd7 32. Qxd7 Rxd7 33. c3 f5 34. Bc4+ Kf8 35. Be6 Re7 36. Bxf5 Ke8 37. Kg3 Bd5 38. Re3 Rab7 39. Bc8 Rxb6 40. axb6 Kd8 41. Bxa6 Re6 42. Be2 Rxb6 43. b4 Rc6 44. Kg4 Rf6 45. Kxg5 Rf2 46. c4 Rxg2+ 47. Kf4 Bb7 48. d5 Kd7 49. Kxe4 Rg1 50. Kd4 Rb1 51. Kc5 Rc1 52. Rg3 Ba6 53. Rxg7+ Kd8 54. b5 Bc8 55. Bg4 1-0


[Site "https://www.chess.com"]

[Event "Titled Tuesday Blitz March 21 Early 2023"]
[White "Jaskolka, Tomasz"]
[Black "Daneshvar, Bardiya"]
[WhiteFideId "1170791"]
[BlackFideId "12576468"]
[WhiteElo "2155"]
[BlackElo "2468"]
[Result "1/2-1/2"]
[Round "01"]
[TimeControl "180+2"]
[Date "2023.03.21"]
[WhiteClock "0:00:07"]
[BlackClock "0:00:05"]

1. d4 Nf6 2. Bf4 e6 3. e3 d5 4. c3 Bd6 5. Bg3 Nc6 6. Nf3 Qe7 7. Ne5 Ne4 8. Nxc6 bxc6 9. Bxd6 cxd6 10. Nd2 Nf6 11. Bd3 e5 12. h3 O-O 13. O-O c5 14. Re1 Rb8 15. Qc2 g6 16. c4 e4 17. Bf1 dxc4 18. Nxc4 cxd4 19. exd4 Be6 20. Ne3 Rfc8 21. Qd2 d5 22. Rac1 Rxc1 23. Rxc1 Qb4 24. Rc2 Kg7 25. a3 Qb3 26. Qa5 Rb7 27. Ba6 Rb6 28. Be2 Qa2 29. Qc3 Rb3 30. Qd2 Rb7 31. Kh2 Ne8 32. Qc3 Qb3 33. Qc6 Rc7 34. Qxe8 Rxc2 35. Nxc2 Qxc2 36. Qb5 Qd2 37. Bg4 Bxg4 38. hxg4 Qxd4 39. b4 Qxf2 40. Qxd5 Qf4+ 41. g3 Qf2+ 42. Kh3 Qf1+ 43. Kh2 Qd3 44. Qe5+ Kf8 45. Qh8+ Ke7 46. Qe5+ Kd7 47. Qc5 e3 48. Qxa7+ Ke6 49. Qb6+ Ke5 50. Qc7+ Ke4 51. Qe7+ Kf3 52. Qxf7+ Ke2 53. b5 Qxb5 54. Kg2 Qc6+ 55. Kg1 Qc1+ 56. Kg2 Qc2 57. Qf1+ Kd2 58. a4 e2 59. Qf4+ Kd1 60. Qf3 Qxa4 61. Qd3+ Ke1 62. Qc3+ Kd1 63. Qd3+ Kc1 64. Qxe2 Qc6+ 65. Qf3 Qc2+ 66. Qf2 Qxf2+ 67. Kxf2 Kd2 68. g5 Kd3 69. Kf3 Kd4 70. Kf4 Kd5 71. Kg4 Ke5 72. Kh3 Ke4 73. Kg4 Ke3 74. Kh3 Kf3 75. Kh4 Ke4 76. Kg4 Ke5 77. Kh3 Ke4 78. Kh4 Kf5 79. Kh3 Kxg5 80. Kh2 Kg4 81. Kg2 h6 82. Kh2 Kf3 83. Kh3 h5 84. Kh4 Kg2 85. g4 hxg4 86. Kxg4 Kf2 87. Kg5 Kg3 88. Kxg6 1/2-1/2


[Site "https://www.chess.com"]

[Event "Titled Tuesday Blitz March 21 Early 2023"]
[White "Pranav, V"]
[Black "Kozin, Yuri"]
[WhiteFideId "25060783"]
[BlackFideId "4129920"]
[WhiteElo "2500"]
[BlackElo "2539"]
[Result "1-0"]
[Round "01"]
[TimeControl "180+2"]
[Date "2023.03.21"]
[WhiteClock "0:00:16"]
[BlackClock "0:00:10"]

1. e4 c5 2. Nf3 d6 3. Bb5+ Bd7 4. Bxd7+ Nxd7 5. O-O Ngf6 6. Re1 e6 7. d3 Be7 8. Nc3 O-O 9. h3 a6 10. a4 Rb8 11. a5 Qc7 12. Bf4 Ne5 13. Bxe5 dxe5 14. Nd2 Rfd8 15. Nc4 Nd7 16. Qg4 h6 17. Qg3 Bg5 18. Ne2 Bf4 19. Qf3 b5 20. axb6 Nxb6 21. Nxb6 Qxb6 22. b3 Bg5 23. Ra4 Ra8 24. Rea1 Qc6 25. g3 f5 26. h4 Bf6 27. Kg2 Rd6 28. Ra5 fxe4 29. dxe4 Rd2 30. Qe3 Qd6 31. Rxa6 Rxa6 32. Rxa6 Qd8 33. Rc6 Kh7 34. Rxc5 Qd6 35. Rc4 Bd8 36. Rc3 Bb6 37. Qf3 Qb4 38. Rc4 Qb5 39. Qg4 Qd7 40. Rc3 Bd4 41. Rd3 Qe7 42. Rxd2 1-0


[Site "https://www.chess.com"]

[Event "Titled Tuesday Blitz March 21 Early 2023"]
[White "Mackster23"]
[Black "Deac, Bogdan-Daniel"]
[BlackFideId "1226380"]
[WhiteElo "2539"]
[BlackElo "2649"]
[Result "0-1"]
[Round "01"]
[TimeControl "180+2"]
[Date "2023.03.21"]
[WhiteClock "0:00:21"]
[BlackClock "0:00:14"]

1. e4 g6 2. d4 Bg7 3. Nc3 c6 4. h3 d6 5. Nf3 Nf6 6. a4 O-O 7. Bc4 d5 8. exd5 cxd5 9. Bd3 Nc6 10. O-O Nb4 11. Bf4 Bd7 12. Ne5 Rc8 13. Nxd7 Qxd7 14. Be5 Nc6 15. Bb5 Qd8 16. Qf3 e6 17. Bxc6 bxc6 18. a5 Nd7 19. Bxg7 Kxg7 20. b4 Rb8 21. Rab1 Qe7 22. Na2 f6 23. Rfe1 e5 24. Qc3 Qd6 25. Nc1 e4 26. Ne2 f5 27. g3 g5 28. Qd2 f4 29. Kh2 e3 30. fxe3 fxg3+ 31. Nxg3 Nf6 32. Rf1 Qxg3+ 33. Kxg3 Ne4+ 34. Kh2 Nxd2 35. Rxf8 Rxf8 36. Ra1 Rf2+ 37. Kg3 Ne4+ 38. Kg4 Kg6 39. h4 h5+ 40. Kh3 g4# 0-1


[Site "https://www.chess.com"]

[Event "Titled Tuesday Blitz March 21 Early 2023"]
[White "Alekseenko, Kirill"]
[Black "Quinones Garcia, Santiago"]
[WhiteFideId "4135539"]
[BlackFideId "4408497"]
[WhiteElo "2683"]
[BlackElo "2263"]
[Result "1-0"]
[Round "01"]
[TimeControl "180+2"]
[Date "2023.03.21"]
[WhiteClock "0:02:35"]
[BlackClock "0:02:02"]

1. d4 Nf6 2. Nc3 d5 3. Bf4 g6 4. e3 c6 5. h4 Bg7 6. Nf3 Bg4 7. Be2 Nbd7 8. Ne5 Bxe2 9. Qxe2 Nxe5 10. Bxe5 O-O 11. O-O-O Qd7 12. f3 b5 13. g4 a5 14. h5 a4 15. a3 Rfb8 16. Na2 Qe6 17. hxg6 fxg6 18. Qh2 Qf7 19. Bxb8 1-0


[Site "https://www.chess.com"]